 Dungeon Crawl Stone Soup version 0.28.0-53-g5a82cb258f (webtiles) character file.

Game seed: 11931160495353044891

1411 Sin92 the Chopper (level 8, -1/63 HPs)
             Began as a Demonspawn Fighter on June 28, 2022.
             Was a Follower of Okawaru.
             Slain by a bullfrog (4 damage)
             ... on level 5 of the Dungeon.
             The game lasted 00:09:44 (5817 turns).

Sin92 the Chopper (Demonspawn Fighter)              Turns: 5817, Time: 00:09:44

Health: -1/63      AC: 14    Str: 18    XL:     8   Next: 43%
Magic:  8/8        EV: 10    Int: 10    God:    Okawaru [*.....]
Gold:   193        SH:  7    Dex: 13    Spells: 7/7 levels left

rFire   . . .      SeeInvis .   k - +3 hand axe
rCold   + . .      Faith    .   r - +2 buckler
rNeg    . . .      Spirit   .   g - +5 ring mail of Pride {Stlth+}
rPois   .          Reflect  .   s - +0 hat
rElec   .          Harm     .   (no cloak)
rCorr   .          Rampage  .   (no gloves)
Will    +....                   (no boots)
Stlth   ++........              (no amulet)
HPRegen 0.20/turn               f - ring of protection from cold
MPRegen 0.11/turn               p - ring of willpower

@: hasted and slowed, studying Necromancy
A: icy blue scales 2, (demonic guardian 1), powered by pain 2
a: Renounce Religion, Heroism


You were on level 5 of the Dungeon.
You worshipped Okawaru.
Okawaru was aware of your devotion.
You visited 2 branches of the dungeon, and saw 7 of its levels.

You collected 193 gold pieces.

Inventory:

Hand Weapons
 a - a +0 war axe
 k - a +3 hand axe (weapon)
Armour
 b - a +3 scale mail
 c - a +0 buckler
 e - the +2 helmet of Wariness {Rampage rPois rC- Int-2}
   (You found it on level 3 of the Dungeon)

   Int:       It affects your intelligence (-2).
   rC:        It makes you vulnerable to cold.
   rPois:     It protects you from poison.
   Rampage:   It bestows one free step when moving towards enemies.
 g - the +5 ring mail of Pride (worn) {Stlth+}
   (You found it on level 2 of the Dungeon)

   Stlth:     It makes you more stealthy.
 r - a +2 buckler (worn)
 s - a +0 hat (worn)
Jewellery
 f - a ring of protection from cold (left hand)
 j - a ring of magical power
 p - a ring of willpower (right hand)
Wands
 q - a wand of paralysis (12)
Scrolls
 i - a scroll of silence
 l - 2 scrolls of identify
 n - a scroll of teleportation
Potions
 d - a potion of might
 m - a potion of mutation


   Skills:
 + Level 5.5 Fighting
 * Level 6.2 Axes
 + Level 5.0 Armour
 + Level 5.0 Shields


You had 7 spell levels left.
You didn't know any spells.
Your spell library was empty.

Dungeon Overview and Level Annotations

Branches:
Dungeon (6/15)             Temple (1/1) D:4

Altars:
Ashenzari
Cheibriados
Dithmenos
Fedhas
Gozag
Hepliaklqana
Nemelex Xobeh
Okawaru
Qazlal
Trog
Vehumet
Wu Jian
Xom
Yredelemnul
Zin
The Shining One


Innate Abilities, Weirdness & Mutations

You are mostly covered in icy blue scales. (AC +3)
((A weak demonic guardian rushes to your aid.))
You sometimes gain power by taking damage.


Message History

You hit the shadow imp.
The shadow imp hits you but does no damage.
You block the kobold brigand's attack.
You barely miss the kobold brigand.
The kobold brigand is lightly wounded.
You hit the shadow imp. You block the shadow imp's attack.
The kobold brigand hits you with a +0 whip.
* * * LOW HITPOINT WARNING * * *
You hit the kobold brigand.
The kobold brigand is moderately wounded.
You hit the shadow imp.
You kill the shadow imp!
Okawaru accepts your kill. You block the kobold brigand's attack.
The bullfrog hits you but does no damage.
You closely miss the kobold brigand.
The kobold brigand is moderately wounded.
You hit the bullfrog. You block the bullfrog's attack.
You block the kobold brigand's attack.
You slash the kobold brigand!
The kobold brigand is heavily wounded.
You hit the bullfrog.
The bullfrog hits you but does no damage.
You block the kobold brigand's attack. You block the bullfrog's attack.
You barely miss the kobold brigand.
The kobold brigand is heavily wounded.
You slash the bullfrog!
The bullfrog hits you but does no damage.
The kobold brigand barely misses you.
Unknown command.
You hit the kobold brigand.
The kobold brigand is severely wounded.
You barely miss the bullfrog. The bullfrog hits you.
* * * LOW HITPOINT WARNING * * *
You block the kobold brigand's attack. You block the bullfrog's attack.
You closely miss the kobold brigand.
The kobold brigand is severely wounded.
You hit the bullfrog. The bullfrog barely misses you.
The kobold brigand barely misses you. The bullfrog hits you.
You die...

##################
#........(........
#.################
#K# # #@# # #F#
#.# #.# #.#
#.########
#........#
########.# #.#


You could see a kobold brigand and a bullfrog.

Vanquished Creatures
  Eustachio (D:5)
  Edmund (D:5)
  Duvessa (D:5)
  A water moccasin (D:5)
  A sky beast (D:5)
  A necrophage (D:5)
  A bullfrog (D:3)
  2 scorpions
  A water moccasin zombie (D:5)
  Dowan (D:5)
  A bullfrog zombie (D:5)
  2 jellies (D:5)
  A centaur skeleton (D:5)
  An iguana (D:5)
  A bullfrog skeleton (D:5)
  Natasha (twice) (D:3)
  2 orc wizards (D:4)
  4 gnolls (D:3)
  2 howler monkey zombies
  3 adders
  A shadow imp (D:5)
  2 white imps
  2 ufetubi
  3 worms
  2 dart slugs (D:4)
  19 orcs
  7 endoplasms
  3 giant cockroaches
  10 hobgoblins
  4 jackals (D:2)
  7 kobolds
  3 quokkas (D:1)
  5 ball pythons
  5 bats
  3 frilled lizards
  4 goblins
  10 rats
120 creatures vanquished.

Vanquished Creatures (collateral kills)
  An adder (D:4)
1 creature vanquished.

Grand Total: 121 creatures vanquished

Notes
Turn   | Place    | Note
-------+----------+-------------------------------------------
     0 | D:1      | Sin92 the Demonspawn Fighter began the quest for the Orb.
     0 | D:1      | Reached XP level 1. HP: 18/18 MP: 1/1
    40 | D:1      | Reached skill level 2 in Axes
   168 | D:1      | Gained mutation: A weak demonic guardian rushes to your
                  | aid. [demonic ancestry]
   168 | D:1      | Reached XP level 2. HP: 21/24 MP: 2/2
   577 | D:2      | Reached XP level 3. HP: 21/29 MP: 3/3
   781 | D:2      | Identified the +5 ring mail of Pride {Stlth+}
   928 | D:2      | Identified the +4 robe of a wizard's laboratory {*Slow
                  | rPois Dex+2}
  1373 | D:3      | Identified the +2 helmet of Wariness {Rampage rPois rC-
                  | Int-2}
  1494 | D:3      | Noticed a bullfrog
  1499 | D:3      | Reached XP level 4. HP: 26/35 MP: 4/4
  1501 | D:3      | Killed a bullfrog
  1502 | D:3      | Reached skill level 3 in Axes
  1502 | D:3      | Gained mutation: You are partially covered in icy blue
                  | scales. (AC +2) [demonic ancestry]
  1502 | D:3      | Reached XP level 5. HP: 32/42 MP: 5/5
  1772 | D:3      | Found a hazy altar of Hepliaklqana.
  1971 | D:3      | Found a faded altar of an unknown god.
  2085 | D:3      | Noticed Natasha
  2098 | D:3      | Killed Natasha
  2135 | D:3      | Noticed Natasha
  2139 | D:3      | Killed Natasha
  2627 | D:4      | Gained mutation: You sometimes gain a little power by
                  | taking damage. [demonic ancestry]
  2627 | D:4      | Reached XP level 6. HP: 48/48 MP: 6/6
  2634 | D:4      | Reached skill level 4 in Axes
  3025 | D:4      | Found a staircase to the Ecumenical Temple.
  3039 | Temple   | Entered the Ecumenical Temple
  3095 | Temple   | Became a worshipper of Warmaster Okawaru
  3400 | D:4      | Found a basalt altar of Yredelemnul.
  3540 | D:5      | Entered Level 5 of the Dungeon
  3586 | D:5      | Noticed Edmund
  3620 | D:5      | Killed Edmund
  3621 | D:5      | Gained mutation: You sometimes gain power by taking damage.
                  | [demonic ancestry]
  3621 | D:5      | Reached XP level 7. HP: 11/55 MP: 7/7
  3906 | D:5      | Reached skill level 5 in Axes
  3936 | D:5      | Reached * piety under Okawaru
  3943 | D:5      | HP: 2/55 [poisoned by a water moccasin]
  4351 | D:5      | Noticed Duvessa
  4353 | D:5      | Noticed Dowan
  4376 | D:5      | Killed Duvessa
  4377 | D:5      | Reached skill level 5 in Fighting
  4378 | D:5      | Killed Dowan
  4758 | D:5      | Gained mutation: You are mostly covered in icy blue scales.
                  | (AC +3) [demonic ancestry]
  4758 | D:5      | Reached XP level 8. HP: 55/62 MP: 8/8
  5160 | D:5      | Noticed Eustachio
  5174 | D:5      | Killed Eustachio
  5175 | D:5      | Reached skill level 6 in Axes
  5498 | D:5      | Reached skill level 5 in Shields
  5511 | D:5      | Reached skill level 5 in Armour
  5802 | D:6      | Noticed a kobold demonologist
  5806 | D:5      | HP: 2/63 [poisoned by a kobold brigand (curare-tipped
                  | dart)]
  5816 | D:5      | HP: 3/63 [bullfrog (6)]
  5817 | D:5      | Slain by a bullfrog

Illustrated notes

Levels and vault maps discovered:
D:1:      dpeg_arrival_rhombus, layout_rooms
D:2:      layout_basic
D:3:      layout_loops_ring, lemuel_crystal_altar, zin_academy,
          shapermc_ecumenical_altar_starsandcircs, cheibrodos_sewer_entry_bend,
          uniq_natasha
D:4:      layout_basic, mainiacjoe_overflow_paths, minmay_temple_entry_waves,
          minmay_manual_moon
D:5:      layout_loops_ring, mainiacjoe_overflow_brackets, uniq_eustachio,
          uniq_duvessa, uniq_edmund
D:6:      layout_cave_pools, lemuel_coloured_pillars_altar,
          kennysheep_another_room, grunt_ministairs_8
Temple:   minmay_temple_bridge_abc

Skill      XL: |  1  2  3  4  5  6  7  8 |
---------------+-------------------------+-----
Axes           | 2 3 4 5 6 |  6.2
Armour         | 3 4 5 |  5.0
Shields        | 3 4 5 |  5.0
Fighting       | 4 5 |  5.5

Action                   |  1- 3 |  4- 6 |  7- 9 || total
-------------------------+-------+-------+-------++-------
Melee: War axe           |   119 |   192 |   134 ||   445
       Hand axe          |       |       |     9 ||     9
  Use: Scroll            |    11 |     1 |     4 ||    16
       Potion            |       |     2 |     6 ||     8
 Stab: Sleeping          |     2 |     2 |     1 ||     5
       Distracted        |       |     1 |       ||     1
       Invisible         |       |     2 |     5 ||     7
Armor: Scale mail        |    58 |       |       ||    58
       Ring mail         |    16 |   114 |    85 ||   215
Dodge: Dodged            |    63 |   100 |    67 ||   230
Block: Buckler           |    29 |    40 |    59 ||   128
